 Dungeon Crawl Stone Soup version 0.18.1-50-g88ac8fd (webtiles) character file.

417 Nordron the Changer (level 6, -1/38 HPs)
             Began as an Octopode Transmuter on Oct 2, 2016.
             Slain by a centaur skeleton (8 damage)
             ... on level 4 of the Dungeon.
             The game lasted 00:16:14 (4451 turns).

Nordron the Changer (Octopode Transmuter)           Turns: 4451, Time: 00:16:14

Health: -1/38      AC:  1    Str:  9    XL:     6   Next: 92%
Magic:  8/9        EV: 12    Int: 15    God:
Gold:   189        SH:  0    Dex: 15    Spells: 2 memorised, 5 levels left

rFire  . . .     SeeInvis .     j - +1 dagger (flame)
rCold  . . .     Gourm    .     (no shield)
rNeg   . . .     Faith    .     (helmet restricted)
rPois  .         Spirit   .     (no amulet)
rElec  .         Dismiss  .     (no ring)
rCorr  .         Reflect  .     (no ring)
SustAt .         Harm     .     (no ring)
MR     .....                    (no ring)
Stlth  ++........               (no ring)
                                (no ring)
                                (no ring)
                                (no ring)

@: appendage, not resistant to hostile enchantments, unstealthy
A: almost no armour, amphibious, 8 rings, constrict 8, tentacle spike 3,
camouflage 1, gelatinous body 1
a: End Transformation


You were on level 4 of the Dungeon.
You were not hungry.
One of your tentacles had a temporary spike.
You visited 2 branches of the dungeon, and saw 5 of its levels.

You collected 189 gold pieces.

Inventory:

Hand Weapons
 j - a +1 dagger of flaming (weapon)
 k - a +2 dagger of speed
Missiles
 a - 43 arrows
Jewellery
 s - a cursed ring of teleportation {unknown}
Scrolls
 g - 3 scrolls of remove curse
 n - a scroll of magic mapping {unknown}
 p - a scroll of noise {unknown}
 u - 2 scrolls of identify {unknown}
 v - a scroll of teleportation {unknown}
Potions
 d - 2 potions of heal wounds
 e - a potion of mutation {unknown}
 f - 3 potions of curing
 i - a potion of cure mutation {unknown}
 l - a potion of magic {unknown}
 m - a potion of brilliance {unknown}
 q - a potion of might {unknown}
 r - a potion of flight {unknown}
 t - 2 potions of lignification {unknown}
 x - 2 potions of degeneration {unknown}
Books
 b - a book of Changes

   Spells                             Type                      Level
   a - Beastly Appendage              Transmutation                1
   b - Sticks to Snakes               Transmutation                2
   c - Spider Form                    Transmutation/Poison         3
   d - Ice Form                       Ice/Transmutation            4
   e - Blade Hands                    Transmutation                5
Comestibles
 c - 4 bread rations
 h - a meat ration
 o - a royal jelly


   Skills:
 - Level 1.0 Fighting
 - Level 2.0 Dodging
 - Level 3.0 Unarmed Combat
 - Level 2.0 Spellcasting
 * Level 7.2 Transmutations


You had 5 spell levels left.
You knew the following spells:

 Your Spells              Type           Power        Failure   Level  Hunger
a - Beastly Appendage     Trmt           ###...       1%          1    #......
b - Spider Form           Trmt/Pois      ##........   17%         3    ###....


Dungeon Overview and Level Annotations

Branches:
Dungeon (4/15)             Temple (1/1) D:4

Altars:
Ashenzari
Elyvilon
Fedhas
Gozag
Nemelex Xobeh
Okawaru
Pakellas
Ru
Sif Muna
Trog
Vehumet
Yredelemnul
The Shining One


Innate Abilities, Weirdness & Mutations

You cannot wear most types of armour.
You are amphibious.
You can wear up to eight rings at the same time.
You can use your tentacles to constrict eight enemies at once.
Your skin changes colour to match your surroundings (Stealth).
Your rubbery body absorbs attacks (AC +1).
One of your tentacles bears a large vicious spike.


Message History

Confirm with . or Enter, or press ? or * to list all spells.
One of your tentacles grows a vicious spike.
Found a metallic amethyst potion.
The helpless centaur skeleton fails to defend itself.
You hit the centaur skeleton. You burn the centaur skeleton.
The centaur skeleton hits you.
You hit the centaur skeleton. You burn the centaur skeleton.
You squeeze the centaur skeleton! The centaur skeleton hits you!
The centaur skeleton hits you.
You hit the centaur skeleton. You burn the centaur skeleton.
You pierce the centaur skeleton.
The centaur skeleton hits you!
Casting: Beastly Appendage
Confirm with . or Enter, or press ? or * to list all spells.
You extend your transformation's duration.
The centaur skeleton hits you.
* * * LOW HITPOINT WARNING * * *
You hit the centaur skeleton. You burn the centaur skeleton.
You pierce the centaur skeleton, but do no damage.
The centaur skeleton hits you!
You die...

## # #. . ## .#.
## ###.##.##!####
............#
#.#...#.##$#
#.##.Z...###.###.#
#....@..........#
##......###.#####
#.##...## #.# #.#
#. ##.## #.# #.#
#.# #.# #.# #.#
#.# #.#
#.####.#####.# #.#
#............#
#.#.######.#######


You could see a centaur skeleton.

Vanquished Creatures
  Sigmund (D:2)
  2 orc priests
  An orc wizard (D:4)
  Terence (D:2)
  2 adders
  2 oozes
  2 worms
  2 giant geckos (D:1)
  16 orcs
  9 bats
  2 giant cockroaches
  20 goblins
  6 hobgoblins
  4 jackals (D:1)
  2 quokkas (D:3)
  A ball python (D:1)
  3 giant newts
  9 kobolds
  8 rats
93 creatures vanquished.

Notes
Turn   | Place    | Note
--------------------------------------------------------------
     0 | D:1      | Nordron the Octopode Transmuter began the quest for the Orb.
     0 | D:1      | Reached XP level 1. HP: 13/13 MP: 3/3
   469 | D:1      | Reached XP level 2. HP: 16/18 MP: 3/5
   600 | D:1      | Reached skill level 3 in Transmutations
   850 | D:1      | Reached XP level 3. HP: 17/23 MP: 3/6
  1173 | D:2      | Noticed Sigmund
  1515 | D:1      | Learned a level 3 spell: Spider Form
  1664 | D:2      | Reached skill level 4 in Transmutations
  1932 | D:3      | Reached XP level 4. HP: 4/28 MP: 5/7
  2689 | D:3      | Reached skill level 5 in Transmutations
  2689 | D:3      | Reached XP level 5. HP: 26/33 MP: 6/8
  3212 | D:3      | Found an oddly glowing altar of Pakellas.
  3600 | D:2      | Noticed Terence
  3613 | D:2      | Killed Terence
  3932 | D:2      | Killed Sigmund
  3932 | D:2      | Reached skill level 6 in Transmutations
  3932 | D:2      | Reached XP level 6. HP: 17/38 MP: 6/9
  4196 | D:4      | Reached skill level 7 in Transmutations
  4265 | D:4      | Found a staircase to the Ecumenical Temple.
  4271 | Temple   | Entered the Ecumenical Temple
  4451 | D:4      | Slain by a centaur skeleton

Skill      XL: |  1  2  3  4  5  6 |
---------------+-------------------+-----
Transmutations | 3 4 5 6 7 |  7.2
Fighting       | |  1.0
Dodging        | |  2.0
Unarmed Combat | |  3.0
Spellcasting   | |  2.0

Action                   |  1- 3 |  4- 6 || total
-------------------------+-------+-------++-------
Melee: Unarmed           |    52 |     8 ||    60
       Constrict         |    27 |    38 ||    65
       Tentacles         |    15 |    34 ||    49
       Kick              |    20 |    40 ||    60
       Punch             |     1 |     2 ||     3
       Dagger            |    49 |   141 ||   190
 Cast: Beastly Appendage |    28 |    23 ||    51
       Spider Form       |     1 |     1 ||     2
  Use: Potion            |     1 |       ||     1
       Scroll            |       |     4 ||     4
 Stab: Sleeping          |     4 |     2 ||     6
  Eat: Chunk             |     4 |     8 ||    12
Armor: Skin              |    11 |     6 ||    17
Dodge: Dodged            |    52 |    51 ||   103
